 Dungeon Crawl Stone Soup version 0.29-a0-218-gf2abdc9806 (webtiles) character file.

Game seed: 3075578642949613870

341 HotDog the Covered (level 6, -1/53 HPs)
             Began as a Minotaur Fighter on Feb 25, 2022.
             Slain by an ogre
             ... wielding a +0 giant club
              (28 damage)
             ... on level 4 of the Dungeon.
             The game lasted 00:02:59 (2950 turns).

HotDog the Covered (Minotaur Fighter)               Turns: 2950, Time: 00:02:59

Health: -1/53      AC:  8    Str: 22    XL:     6   Next: 30%
Magic:  6/6        EV: 10    Int:  5    God:
Gold:   208        SH:  4    Dex: 10    Spells: 5/5 levels left

rFire   . . .      SeeInvis .   a - +0 long sword (flame)
rCold   . . .      Faith    .   c - +0 buckler
rNeg    . . .      Spirit   .   b - +0 scale mail
rPois   .          Reflect  .   (helmet restricted)
rElec   .          Harm     .   (no cloak)
rCorr   .          Rampage  .   l - +0 pair of gloves
Will    .....                   (no boots)
Stlth   ..........              (no amulet)
HPRegen 0.17/turn               (no ring)
MPRegen 0.10/turn               (no ring)

@: no status effects
A: horns 2, retaliatory headbutt
a: no special abilities


You were on level 4 of the Dungeon.
You visited 1 branch of the dungeon, and saw 4 of its levels.

You collected 208 gold pieces.

Inventory:

Hand Weapons
 a - a +0 long sword of flaming (weapon)
Armour
 b - a +0 scale mail (worn)
 c - a +0 buckler (worn)
 l - a +0 pair of gloves (worn)
Jewellery
 j - an amulet of magic regeneration
 k - a ring of magical power
Wands
 r - a wand of flame (18)
Scrolls
 f - a scroll of silence {unknown}
 g - a scroll of teleportation
 h - a scroll of identify
 i - a scroll of enchant armour {unknown}
 s - 2 scrolls of blinking
Potions
 d - 2 potions of might
 e - a potion of attraction {unknown}
 m - a potion of flight {unknown}
 n - 3 potions of invisibility {unknown}
 o - a potion of cancellation
 p - a potion of heal wounds


   Skills:
 * Level 4.6 Fighting
 * Level 5.0 Long Blades
 * Level 5.1 Armour
 * Level 2.0 Dodging
 * Level 4.4 Shields
 * Level 1.5 Invocations


You had 5 spell levels left.
You didn't know any spells.
Your spell library contained the following spells:

 Spells                   Type           Power      Damage    Failure   Level
 Sandblast                Erth           0%         2d4       86%         1
 Passwall                 Tmut/Erth      0%         N/A       95%         2
 Stone Arrow              Conj/Erth      0%         3d7       99%         3


Dungeon Overview and Level Annotations

Branches:
Dungeon (4/15)
 Temple: D:4-7

Altars:

Shops:
D:3 [


Innate Abilities, Weirdness & Mutations

You have a pair of horns on your head.
You reflexively headbutt those who attack you in melee.


Message History

The orc moves out of view.
An ogre comes into view. It is wielding a +0 giant club.
A centaur comes into view.
The orc barely misses you. You furiously retaliate!
You headbutt the orc.
The centaur shouts!
You hit the orc but do no damage.
The orc is lightly wounded.
The orc hits you but does no damage.
You hit the orc. You burn the orc.
The orc is almost dead.
The orc closely misses you. You furiously retaliate!
You headbutt the orc, but do no damage. You hit the orc but do no damage.
Your headbutt misses the orc.
The orc is almost dead.
The orc barely misses you. The orc hits you but does no damage.
You hit the orc but do no damage.
The orc is almost dead.
The orc hits you but does no damage.
You closely miss the orc. You headbutt the orc, but do no damage.
The orc is almost dead.
The orc hits you with a +0 hand axe.
You hit the orc but do no damage. Your headbutt misses the orc.
The orc is almost dead.
The orc hits you with a +0 hand axe.
You slash the orc! You burn the orc.
You kill the orc!
The centaur wields a +0 shortbow.
The centaur shoots an arrow.
The arrow closely misses you.
The ogre hits you with a +0 giant club!!
You barely miss the ogre. The ogre hits you with a +0 giant club.
You are too injured to fight recklessly!
You are too injured to fight recklessly!
You are too injured to fight recklessly!
You are too injured to fight recklessly!
You are too injured to fight recklessly!
You hit the ogre. You burn the ogre.
The ogre is lightly wounded.
The ogre hits you with a +0 giant club!!
Ouch! That really hurt!
You die...

........#.#.#
##>####.#.#...
#.# #.#.#####
#.####.#.#
#.....(#.#
#####..#.#####
#.........
###.#.#####
#....@#
#........Oc....#
^.......###.###..
#####?.## ...
.... #..# ###..
#... #.. .#. ## #


You could see an ogre and a centaur.

Vanquished Creatures
  A water moccasin (D:3)
  A necrophage (D:4)
  A hound (D:3)
  5 adders
  An ufetubus (D:3)
  An orc (D:4)
  10 bats
  6 endoplasms
  A giant cockroach (D:2)
  5 goblins
  4 hobgoblins
  6 jackals (D:2)
  6 kobolds
  2 quokkas
  13 ball pythons
  A frilled lizard (D:3)
  5 rats
69 creatures vanquished.

Notes
Turn   | Place    | Note
-------+----------+-------------------------------------------
     0 | D:1      | HotDog the Minotaur Fighter began the quest for the Orb.
     0 | D:1      | Reached XP level 1. HP: 19/19 MP: 0/0
    67 | D:1      | Reached XP level 2. HP: 24/27 MP: 1/1
   785 | D:2      | Reached XP level 3. HP: 31/33 MP: 2/2
  1094 | D:2      | Reached skill level 1 in Dodging
  1205 | D:2      | Reached XP level 4. HP: 34/40 MP: 3/3
  1750 | D:3      | Noticed a water moccasin
  1762 | D:3      | Killed a water moccasin
  1763 | D:3      | Reached skill level 1 in Invocations
  1763 | D:3      | Reached XP level 5. HP: 12/47 MP: 4/4
  2194 | D:3      | Found a faded altar of an unknown god.
  2433 | D:3      | Found Muuwuq's Armour Boutique.
  2840 | D:4      | Noticed a necrophage
  2858 | D:4      | Killed a necrophage
  2859 | D:4      | Reached skill level 5 in Long Blades
  2859 | D:4      | Reached skill level 5 in Armour
  2859 | D:4      | Reached XP level 6. HP: 45/53 MP: 6/6
  2950 | D:4      | Slain by an ogre

Illustrated notes

Levels and vault maps discovered:
D:1:      amcnicky_arrival_double_pillar, layout_basic
D:2:      layout_basic, hangedman_glass_teeth, minmay_misc_feat_four_crosses,
          chequers_decorated_corner, chequers_serial_rivers_marsh,
          kennysheep_boxes
D:3:      layout_loops_ring, serial_shops, nicolae_shop_trees,
          nicolae_ecumenical_snake_handling
D:4:      layout_loops_ring, minmay_box_of_dots

Skill      XL: |  1  2  3  4  5 |
---------------+----------------+-----
Fighting       | 4 |  4.6
Armour         | 4 5 |  5.1
Long Blades    | 3 4 5 |  5.0
Dodging        | 1 2 |  2.0
Shields        | 4 |  4.4
Invocations    | 1 |  1.5

Action                   |  1- 3 |  4- 6 || total
-------------------------+-------+-------++-------
Melee: Long sword        |    91 |    83 ||   174
       Headbutt          |     6 |    12 ||    18
  Use: Scroll            |       |     8 ||     8
       Potion            |       |     1 ||     1
Armor: Scale mail        |    62 |    41 ||   103
Dodge: Dodged            |    55 |    57 ||   112
Block: Buckler           |    18 |    17 ||    35

Table legend: (Time is in decaauts)
 A = Elapsed time spent in this place.
 B = Non-inter-level travel time spent in this place.
 C = Inter-level travel time spent in this place.
 D = Time resting spent in this place.
 E = Time spent auto-exploring this place.
 F = Levels seen in this place.
 G = Mean time per level.
                   A        B        C        D        E       F      G
               +--------+--------+--------+--------+--------+-----+--------+
         Total |   3001 |   2955 |     46 |    389 |   2090 |   4 |  750.2 |
       Dungeon |   3001 |   2955 |     46 |    389 |   2090 |   4 |  750.2 |
               +--------+--------+--------+--------+--------+-----+--------+

Top non-repeatable levels by time:
     D:3: 1153 daAuts
     D:2: 982 daAuts
     D:1: 707 daAuts
     D:4: 158 daAuts
